 Dungeon Sprint DCSS version 0.30.1 (webtiles) character file.

Game seed: 9748249001433609143

0 boopmooplesden the Trooper (level 3, -3/31 HPs)
             Began as a Demonspawn Berserker on July 4, 2023.
             Was a Believer of Trog.
             Slain by Pikel
             ... wielding a +2 whip of freezing
              (10 damage)
             ... while paralysed by Pikel
             ... in the Dungeon (Sprint VI: "Thunderdome").
             The game lasted 00:00:59 (127 turns).

boopmooplesden the Trooper (Demonspawn Berserker)    Turns: 127, Time: 00:00:59

Health: -3/31      AC:  5    Str: 19    XL:     3   Next: 5%
Magic:  3/3        EV:  2    Int:  8    God:    Trog [**....]
Gold:   65         SH:  0    Dex: 14    Spells: 2/2 levels left

rFire   + . .        a - +0 spear
rCold   . . .        (no shield)
rNeg    + . .        q - +2 leather armour {rN+}
rPois   +            (no helmet)
rElec   +            (no cloak)
rCorr   .            (no gloves)
SInv    .            (no boots)
Will    .....        m - amulet "Tyashit" {Reflect Harm rPois Dex-3 SH+5}
Stlth   +            n - ring of Kaops {rElec EV+5}
HPRegen 0.25/turn    o - ring "Zorphi" {rF+ Dex+5 Slay-5}
MPRegen 0.08/turn

%: no teleportation, harm (+30% outgoing, +20% incoming), reflection
@: paralysed, on berserk cooldown
A: demonic magic 2
a: Renounce Religion, Berserk, Trog's Hand


You were in the Dungeon.
You worshipped Trog.
Trog was pleased with you.
You visited 1 branch You collected 200 gold pieces.
You spent 135 gold pieces at shops.

Inventory:

Hand Weapons
 a - a +0 spear (weapon)
Armour
 b - a +0 animal skin
 q - a +2 leather armour of positive energy (worn)
Jewellery
 m - the amulet "Tyashit" (around neck) {Reflect Harm rPois Dex-3 SH+5}
   (You bought it in a shop in the Dungeon)

   [amulet of reflection]

   It reflects blocked missile attacks.
   Dex:       It affects your dexterity (-3).
   rPois:     It protects you from poison.
   SH:        It affects your SH (+5).
   Harm:      It increases damage dealt and taken.
 n - the ring of Kaops (left hand) {rElec EV+5}
   (You bought it in a shop in the Dungeon)

   [ring of evasion]

   EV:        It affects your evasion (+5).
   rElec:     It insulates you from electricity.
 o - the ring "Zorphi" (right hand) {rF+ Dex+5 Slay-5}
   (You bought it in a shop in the Dungeon)

   [ring of protection from fire]

   Dex:       It affects your dexterity (+5).
   Slay:      It affects your accuracy & damage with ranged weapons and melee
   (-5).
   rF:        It protects you from fire.
Wands
 j - a wand of light (5)
 k - a wand of roots (5)
 p - a wand of polymorph (5)
Scrolls
 h - 4 scrolls of blinking
 l - 3 scrolls of fog
Potions
 c - a potion of curing
 d - 4 potions of heal wounds
 e - 4 potions of haste
 f - 2 potions of magic
 g - a potion of berserk rage
 i - a potion of resistance


   Skills:
 + Level 4.3 Fighting
 + Level 3.9 Polearms
 + Level 2.2 Armour
 + Level 3.4 Dodging
 + Level 0.1 Stealth
 + Level 0.2 Shields
 + Level 1.1 Unarmed Combat


You had 2 spell levels left.
You didn't know any spells.
Your spell library was empty.

Dungeon Overview and Level Annotations

Branches:
Dungeon (1/1)

Altars:
Dithmenos
Fedhas
Gozag
Okawaru
Sif Muna
Trog
Vehumet
Xom
Lugonu

Shops:
D *[?*(

Annotations:
D Pikel


Innate Abilities, Weirdness & Mutations

Spells you cast may paralyse nearby enemies.


Message History

You continue putting on your +2 leather armour of positive energy. x4 50...
You continue putting on your +2 leather armour of positive energy.
Pikel shouts!
You finish putting on your +2 leather armour of positive energy.
You feel more protected from negative energy.
Found Jasostamm's Weapon Rack.
Found a shimmering altar of Xom and an opulent altar of Gozag.
Your skin crawls.
You feel strong-willed.
You closely miss Pikel. Pikel closely misses you.
You hit Pikel but do no damage.
You feel the effects of Trog's Hand fading.
Pikel hits you with a +2 whip of freezing.
Pikel freezes you. Pikel completely misses you.
You hit Pikel but do no damage.
You feel yourself speed up. You block Pikel's attack.
You hit Pikel.
Pikel is lightly wounded.
Pikel misses you.
You closely miss Pikel.
Pikel is lightly wounded.
Pikel closely misses you.
You hit Pikel but do no damage.
Pikel is lightly wounded.
Your skin stops crawling.
You feel less strong-willed. Pikel barely misses you.
You hit Pikel.
Pikel is moderately wounded.
Pikel barely misses you.
You hit Pikel but do no damage.
Pikel is moderately wounded.
Pikel zaps a wand.
You suddenly lose the ability to move!
Pikel hits you with a +2 whip of freezing!
Pikel freezes you.
* * * LOW HITPOINT WARNING * * *
Pikel hits you but does no damage.
Pikel hits you with a +2 whip of freezing!
You die...

##.._.......# .....
###∩........8.# .8...
##...).........###.....
#⌠..........###...#
#⌠..........# #.<.#
#⌠..........###...#
##...........))###.....
###∩........8.# .8...
##∩___...)@K# .....
######.8.........8.#
#⌠...........⌠#
###.........###
#_......._ #_......._
#_........ #∩.......∩


You could see Pikel.

Vanquished Creatures
  Ijyb (D)
  3 kobolds (D)
4 creatures vanquished.

Notes
Turn   | Place    | Note
-------+----------+-------------------------------------------
     0 | D        | boopmooplesden the Demonspawn Berserker began the quest for
                  | the Orb.
     0 | D        | Reached XP level 1. HP: 18/18 MP: 1/1
     0 | D        | Found a blossoming altar of Fedhas.
     3 | D        | Found a bloodstained altar of Trog.
     4 | D        | Found a corrupted altar of Lugonu.
     4 | D        | Found a shadowy altar of Dithmenos.
     5 | D        | Found an iron altar of Okawaru.
     5 | D        | Round 1.
     6 | D        | Found Leuxizyps's Identification Station.
     7 | D        | Found Monnioddo's Jewellery.
     7 | D        | Found Pacuvorhatz's Advanced Armour.
    23 | D        | Bought an ancient graven amulet for 45 gold pieces
    23 | D        | Identified the amulet "Tyashit" {Reflect Harm rPois Dex-3
                  | SH+5} (You bought it in a shop in the Dungeon)
    23 | D        | Bought a heavily runed granite ring for 45 gold pieces
    23 | D        | Identified the ring of Kaops {rElec EV+5} (You bought it in
                  | a shop in the Dungeon)
    23 | D        | Bought a pitted lead ring for 45 gold pieces
    23 | D        | Identified the ring "Zorphi" {rF+ Dex+5 Slay-5} (You bought
                  | it in a shop in the Dungeon)
    33 | D        | Noticed Ijyb
    34 | D        | Found a radiant altar of Vehumet.
    35 | D        | Found a shimmering blue altar of Sif Muna.
    85 | D        | Killed Ijyb
    85 | D        | Reached ** piety under Trog
    86 | D        | Reached skill level 4 in Fighting
    86 | D        | Reached skill level 1 in Unarmed Combat
    86 | D        | Gained mutation: Spells you cast may paralyse adjacent
                  | enemies. [demonic ancestry]
    86 | D        | Reached XP level 2. HP: 14/26 MP: 2/2
    86 | D        | Gained mutation: Spells you cast may paralyse nearby
                  | enemies. [demonic ancestry]
    86 | D        | Reached XP level 3. HP: 17/31 MP: 3/3
   104 | D        | Found Piafal's Premium Goods.
   113 | D        | Noticed Pikel
   115 | D        | Found a shimmering altar of Xom.
   115 | D        | Found an opulent altar of Gozag.
   115 | D        | Found Jasostamm's Weapon Rack.
   124 | D        | Paralysed by Pikel for 3 turns
   127 | D        | Slain by Pikel

Illustrated notes

Levels and vault maps discovered:
D:        arena_sprint

Skill      XL: |  1 |
---------------+----+-----
Polearms       | 3 |  3.9
Dodging        | 3 |  3.4
Fighting       | 4 |  4.3
Armour         | 2 |  2.2
Unarmed Combat | 1 |  1.1
Stealth        | |  0.1
Shields        | |  0.2

Action                     || total
---------------------------++-------
  Melee: Spear             ||    34
         Unarmed           ||    19
 Invoke: Berserk           ||     1
         Trog's Hand       ||     1
 Armour: Skin              ||    10
         Animal skin       ||     1
         Leather armour    ||     1
  Dodge: Dodged            ||    16
  Block: Other             ||     8
